 Dungeon Crawl Stone Soup version 0.29-a0-477-g62b78b4225 (webtiles) character file.

Game seed: 17895003489422739403

95 siradein the Skirmisher (level 4, 0/40 HPs)
             Began as a Ghoul Fighter on May 24, 2022.
             Slain by an orc priest
             ... wielding a +0 hand axe
              (1 damage)
             ... on level 3 of the Dungeon.
             The game lasted 00:04:15 (2469 turns).

siradein the Skirmisher (Ghoul Fighter)             Turns: 2469, Time: 00:04:16

Health: 0/40       AC: 11    Str: 21    XL:     4   Next: 66%
Magic:  3/3        EV:  5    Int:  3    God:
Gold:   154        SH:  4    Dex:  8    Spells: 3/3 levels left

rFire   . . .      SeeInvis .   a - +0 flail
rCold   + . .      Faith    .   c - +0 buckler
rNeg    + + +      Spirit   .   i - +0 plate armour
rPois   ∞          Reflect  .   (no helmet)
rElec   .          Harm     .   (no cloak)
rCorr   .          Rampage  .   (no gloves)
Will    .....                   (no boots)
Stlth   ..........              (no amulet)
HPRegen 0.00/turn               (no ring)
MPRegen 0.08/turn               (no ring)

@: inhibited regen
A: claws 1, cold resistance 1, negative energy resistance 3, inhibited
regeneration, torment resistance 2, devour on kill
a: no special abilities


You were on level 3 of the Dungeon.
You visited 1 branch of the dungeon, and saw 3 of its levels.

You collected 154 gold pieces.

Inventory:

Hand Weapons
 a - a +0 flail (weapon)
Missiles
 j - 2 javelins (quivered)
 k - 3 boomerangs
Armour
 c - a +0 buckler (worn)
 i - a +0 plate armour (worn)
Scrolls
 b - 2 scrolls of magic mapping {unknown}
 e - a scroll of amnesia {unknown}
Potions
 d - 3 potions of might
 f - 5 potions of heal wounds {unknown}
 g - 2 potions of haste {unknown}
 h - a potion of curing {unknown}


   Skills:
 + Level 4.0 Fighting
 + Level 2.6 Maces & Flails
 + Level 3.3 Armour
 + Level 3.3 Shields


You had 3 spell levels left.
You didn't know any spells.
Your spell library contained the following spells:

 Spells                   Type           Power      Damage    Failure   Level
 Shock                    Conj/Air       0%         1d3       100%        1
 Gell's Gravitas          Tloc           0%         N/A       100%        3
 Lesser Beckoning         Tloc           0%         N/A       100%        3
 Swiftness                Air            0%         N/A       100%        3
 Teleport Other           Tloc           0%         N/A       100%        3
 Airstrike                Air            0%         N/A       100%        4
 Dispersal                Tloc           0%         N/A       100%        6


Dungeon Overview and Level Annotations

Branches:
Dungeon (3/15)

Altars:

Annotations:
D:3 3 runed translucent doors, jejorda2's ghost, amateur MfFi


Innate Abilities, Weirdness & Mutations

You are immune to poison.
You have sharp fingernails.
Your flesh is cold resistant. (rC+)
You are immune to negative energy. (rN+++)
You do not regenerate when monsters are visible.
You are immune to unholy pain and torment.
You thrive by killing the living.


Message History

The orc attacks as you move away! The orc barely misses you.
You hit the orc but do no damage.
The orc is severely wounded.
The orc hits you with a +0 flail. The orc barely misses you.
You closely miss the orc.
The orc is heavily wounded.
You block the orc's attack.
You hit the orc.
The orc is severely wounded.
The orc hits you with a +0 flail.
You closely miss the orc.
The orc is severely wounded.
The orc hits you but does no damage.
You hit the orc.
You kill the orc!
You feel better. The ball python barely misses you. The ball python grabs you.
The ball python constricts you.
You closely miss the ball python.
The ball python bites you but does no damage.
The ball python constricts you.
You hit the ball python.
The ball python is heavily wounded.
The ball python completely misses you. The ball python constricts you.
You block the ball python's attack. The ball python constricts you.
The orc priest looks satisfied for a moment.
You sock the ball python!
You kill the ball python!
You closely miss the orc priest.
The orc priest invokes the aid of Beogh against you.
Beogh smites you!
* * * LOW HITPOINT WARNING * * *
The orc priest mumbles some strange prayers to Beogh against you.
Beogh smites you!
* * * LOW HITPOINT WARNING * * *
You closely miss the orc priest.
The orc priest miscasts a cantrip.
You hit the orc priest.
The orc priest is lightly wounded.
The orc priest hits you with a +0 hand axe.
You die...

#.. ...# .. ...# #.# ..
...# #!# #o #{o# #.#
#..#..# #.# ####.o#..###
#.# ........(..# #.# #
......#..#.#######.##.#
####.##..#..?...@oo...###
........o#########S#......
...........o.oSo..oo......
######...###########...###
.....#...# ......
$$...#..## #####
#.##W#..## #.##b#...# #..#
#.##.#...# #.<#


You could see an orc priest, an adder and 2 orcs.

Vanquished Creatures
  An adder (D:2)
  2 worms
  3 dart slugs
  2 orcs (D:3)
  5 bats
  7 endoplasms
  A giant cockroach (D:1)
  4 goblins
  4 hobgoblins
  4 jackals (D:1)
  8 quokkas
  7 ball pythons
  5 frilled lizards
  10 kobolds
  2 rats
65 creatures vanquished.

Notes
Turn   | Place    | Note
-------+----------+-------------------------------------------
     0 | D:1      | siradein the Ghoul Fighter began the quest for the Orb.
     0 | D:1      | Reached XP level 1. HP: 19/19 MP: 0/0
    46 | D:1      | Reached XP level 2. HP: 26/26 MP: 1/1
   466 | D:1      | Reached XP level 3. HP: 31/31 MP: 2/2
   891 | D:1      | Found a faded altar of an unknown god.
   895 | D:1      | Got Plato's Tome of the Birds
  1056 | D:1      | You fall into a shaft and drop 1 floor!
  1559 | D:2      | Reached XP level 4. HP: 40/40 MP: 3/3
  2153 | D:3      | Reached skill level 4 in Fighting
  2212 | D:3      | Found a runed translucent gate.
  2212 | D:3      | Found a runed translucent gate.
  2212 | D:3      | Found a runed translucent gate.
  2212 | D:3      | Noticed jejorda2's ghost (amateur MfFi)
  2467 | D:3      | HP: 1/40 [orc priest/divine providence (9)]
  2469 | D:3      | Slain by an orc priest

Illustrated notes

Levels and vault maps discovered:
D:1:      dpeg_arrival_oval, layout_basic, shapermc_ecumenical_altar_rom_forum
D:2:      layout_rooms, serial_co_window_serial, co_window_paths_a,
          co_window_paths_a, co_window_paths_a, co_window_corner_a,
          co_window_of_opportunity_a, co_window_paths_a, co_window_paths_a,
          co_window_of_opportunity_b, co_window_of_opportunity_c,
          co_window_of_opportunity_b, co_window_corner_ca, co_window_cross_2,
          co_window_paths_c, co_window_corner_b, glass_columns_c,
          glass_columns_c, glass_columns_c, glass_columns_c, glass_columns_c
D:3:      layout_loops_ring, gammafunk_ghost_split, minmay_liquid_box

Skill      XL: |  1  2  3  4 |
---------------+-------------+-----
Maces & Flails | 2 |  2.6
Shields        | 3 |  3.3
Armour         | 3 |  3.3
Fighting       | 4 |  4.0

Action                   |  1- 3 |  4- 6 || total
-------------------------+-------+-------++-------
Melee: Flail             |   119 |    80 ||   199
Armor: Scale mail        |    43 |       ||    43
       Plate armour      |    17 |    41 ||    58
Dodge: Dodged            |    51 |    23 ||    74
Block: Buckler           |    22 |    14 ||    36

Table legend: (Time is in decaauts)
 A = Elapsed time spent in this place.
 B = Non-inter-level travel time spent in this place.
 C = Inter-level travel time spent in this place.
 D = Time resting spent in this place.
 E = Time spent auto-exploring this place.
 F = Levels seen in this place.
 G = Mean time per level.
                   A        B        C        D        E       F      G
               +--------+--------+--------+--------+--------+-----+--------+
         Total |   2531 |   2492 |     39 |    127 |   1703 |   3 |  843.7 |
       Dungeon |   2531 |   2492 |     39 |    127 |   1703 |   3 |  843.7 |
               +--------+--------+--------+--------+--------+-----+--------+

Top non-repeatable levels by time:
     D:1: 1317 daAuts
     D:2: 807 daAuts
     D:3: 407 daAuts
